 Dungeon Crawl Stone Soup version 0.31-a0-102-g33a4ccc0cb (webtiles) character file.

Game seed: 13832288303761182035

1453 senseless the Gusty (level 8, 0/67 HPs)
             Began as a Yellow Draconian Air Elementalist on May 26, 2023.
             Slain by a yak (8 damage)
             ... on level 5 of the Dungeon.
             The game lasted 00:20:08 (5822 turns).

senseless the Gusty (DrAE)                          Turns: 5822, Time: 00:20:08

Health: 0/67       AC: 11    Str: 10    XL:     8   Next: 47%
Magic:  1/14       EV: 18    Int: 22    God:
Gold:   272        SH:  0    Dex: 11    Spells: 5/15 levels left

rFire   . . .        w - +7 long sword of the Elven Halls {freeze, Int+3}
rCold   + . .        (no shield)
rNeg    . . .        (body armour unavailable)
rPois   .            (helmet restricted)
rElec   .            d - +1 cloak
rCorr   +            t - +2 pair of gloves
SInv    .            (no boots)
Will    .....        (no amulet)
Stlth   ++           h - +5 ring of evasion
HPRegen 0.31/turn    s - ring of protection from cold
MPRegen 0.14/turn

%: no passive effects
@: no status effects
A: spit acid, AC +6, unfitting armour, cold-blooded, acid resistance
a: Breathe Acid


You were on level 5 of the Dungeon.
You visited 1 branch of the dungeon, and saw 5 of its levels.
You also visited: Ossuary.

You collected 311 gold pieces.
You spent 39 gold pieces at shops.

Inventory:

Hand Weapons
 a - a +4 dagger
 f - a +4 hand axe of electrocution
 w - the +7 long sword of the Elven Halls (weapon) {freeze, Int+3}
   (You found it on level 4 of the Dungeon)

   Int:       It affects your intelligence (+3).
Missiles
 k - 2 throwing nets
Armour
 d - a +1 cloak (worn)
 t - a +2 pair of gloves (worn)
 x - an orb of mayhem
Jewellery
 h - a +5 ring of evasion (left hand)
 s - a ring of protection from cold (right hand)
Wands
 e - a wand of paralysis (7)
Scrolls
 l - a scroll of torment
 m - 2 scrolls of teleportation
 n - 2 scrolls of enchant weapon
 r - a scroll of silence
Potions
 b - 3 potions of mutation {unknown}
 c - a potion of degeneration {unknown}
 g - 3 potions of curing
 i - 2 potions of heal wounds
 j - 3 potions of enlightenment {unknown}
 o - a potion of resistance {unknown}
 p - 3 potions of attraction {unknown}
 q - 3 potions of lignification
 u - 5 potions of brilliance {unknown}
 v - a potion of ambrosia {unknown}


   Skills:
 + Level 4.4 Fighting
 + Level 2.0 Long Blades
 - Level 3.3 Axes
 + Level 4.2 Dodging
 - Level 1.7 Stealth
 + Level 4.4 Spellcasting
 + Level 4.1 Conjurations
 + Level 5.1 Air Magic


You had 5 spell levels left.
You knew the following spells:

 Your Spells              Type           Power      Damage    Failure   Level
a - Shock                 Conj/Air       88%        1d8       1%          1
b - Static Discharge      Conj/Air       44%        2-4/arc   3%          2
c - Swiftness             Air            27%        N/A       3%          3
d - Airstrike             Air            13%        2d(2-18)  13%         4

Your spell library contained the following spells:

 Spells                   Type           Power      Damage    Failure   Level


Dungeon Overview and Level Annotations

Branches:
Dungeon (5/15)            Ossuary (visited)
 Temple: D:4-7

Altars:
Ashenzari
Sif Muna

Shops:
D:1 !   D:5 :


Innate Abilities, Weirdness & Mutations

You can spit globs of acid.
Your golden yellow scales are hard. (AC +6)
You cannot fit into any form of body armour.
You are cold-blooded and may be slowed by cold attacks.
You are resistant to acid. (rCorr)


Message History

Casting: Shock (safe; 1% risk of failure)
Confirm with . or Enter, or press ? or * to list all spells.
Aiming: Shock (safe; 1% risk of failure)
Press: ? - help, Shift-Dir - straight line, f/p - yak
Aim: a yak (severely wounded, 84% to hit)
The zap hits the adder.
You kill the adder!
The zap hits the yak.
The yak is severely wounded.
Casting: Shock (safe; 1% risk of failure)
Confirm with . or Enter, or press ? or * to list all spells.
Aiming: Shock (safe; 1% risk of failure)
Press: ? - help, Shift-Dir - straight line, f/p - yak
Aim: a yak (severely wounded, 84% to hit)
The zap hits the yak.
The yak is almost dead.
The yak gores you but does no damage.
Unknown command.
Casting: Shock (safe; 1% risk of failure)
Confirm with . or Enter, or press ? or * to list all spells.
Aiming: Shock (safe; 1% risk of failure)
Press: ? - help, Shift-Dir - straight line, f/p - yak
Aim: a yak (almost dead, 84% to hit)
The zap hits the yak.
The yak is almost dead.
The yak gores you but does no damage. The yak misses you.
Unknown command.
Casting: Shock (safe; 1% risk of failure)
Confirm with . or Enter, or press ? or * to list all spells.
Aiming: Shock (safe; 1% risk of failure)
Press: ? - help, Shift-Dir - straight line, f/p - yak
Aim: a yak (almost dead, 84% to hit)
The zap hits the yak.
The yak is almost dead.
The yak gores you but does no damage. x2
Unknown command.
The yak attacks as you move away! The yak gores you!
* * * LOW HITPOINT WARNING * * *
The yak attacks as you move away! The yak gores you!
You die...

....#.#######.#..8#..≈.#
....#.##......##..######
....#..'.....'.####### .#
....#..#.....###.....# .# .
....#..#.....# #.....# .# ..
###.#..#.....###>....# #.##...
###.#................##.......
....#.##########Y#..........
...##..... ####@#.####..#
##....# ........Y..†....#
#####.# #######.##.###...# # #
#......+....... #
####.###...#### # #.# #+## #
#.# # #.# # #.#


You could see 2 yaks.

Vanquished Creatures
  Grinder (D:3)
  Sigmund (D:2)
  2 yaks (D:5)
  A steam dragon (D:4)
  An ogre (D:5)
  A scorpion (D:5)
  A howler monkey (D:4)
  A human zombie (Ossuary)
  2 hounds (D:4)
  Jessica (D:2)
  2 iguanas (D:5)
  2 orc wizards (D:5)
  4 mummies (Ossuary)
  3 gnolls (D:5)
  7 adders
  2 adder zombies (Ossuary)
  2 worms (D:3)
  A dart slug (D:4)
  16 orcs
  7 bats
  6 endoplasms
  4 giant cockroaches
  6 hobgoblins
  6 jackals (D:3)
  2 quokkas
  8 ball pythons
  A frilled lizard (D:2)
  10 goblins
  2 goblin zombies (Ossuary)
  A hobgoblin zombie (Ossuary)
  A jackal zombie (Ossuary)
  8 kobolds
  2 kobold zombies (Ossuary)
  An orc zombie (Ossuary)
  6 rats
  2 rat zombies (Ossuary)
124 creatures vanquished.

Notes
Turn   | Place    | Note
-------+----------+-------------------------------------------
     0 | D:1      | senseless the Draconian Air Elementalist began the quest
                  | for the Orb.
     0 | D:1      | Reached XP level 1. HP: 14/14 MP: 3/3
   303 | D:1      | Reached XP level 2. HP: 20/20 MP: 3/5
   594 | D:1      | Found Isydarisaa's Distillery.
   597 | D:1      | Bought a potion of curing for 39 gold pieces
  1002 | D:2      | Reached XP level 3. HP: 27/27 MP: 1/6
  1400 | D:2      | Found a faded altar of an unknown god.
  1448 | D:2      | Noticed Jessica
  1450 | D:2      | Killed Jessica
  1451 | D:2      | Reached skill level 1 in Fighting
  1451 | D:2      | Reached skill level 1 in Axes
  1451 | D:2      | Reached XP level 4. HP: 35/35 MP: 4/7
  1641 | D:2      | Found a broken altar of Ashenzari.
  1902 | D:2      | Noticed Sigmund
  1916 | D:2      | Killed Sigmund
  1917 | D:2      | Reached XP level 5. HP: 8/41 MP: 1/9
  2555 | D:3      | Reached XP level 6. HP: 49/49 MP: 2/10
  2811 | D:3      | Noticed Grinder
  2812 | D:3      | Paralysed by Grinder for 2 turns
  2815 | D:3      | Paralysed by Grinder for 5 turns
  2825 | D:3      | Paralysed by Grinder for 4 turns
  2853 | D:3      | Paralysed by Grinder for 4 turns
  2861 | D:3      | Killed Grinder
  2862 | D:3      | Reached skill level 4 in Air Magic
  3756 | D:4      | Your scales start taking on a golden yellow colour.
  3756 | D:4      | Reached XP level 7. HP: 57/57 MP: 4/12
  3756 | D:4      | Gained mutation: You are resistant to acid. (rCorr) [Yellow
                  | Draconian growth]
  3847 | D:4      | Identified the +7 long sword of the Elven Halls {freeze,
                  | Int+3}
  3933 | D:4      | Noticed a steam dragon
  3958 | D:4      | Found a sand-covered staircase.
  3965 | Ossuary  | Entered an ossuary
  4730 | D:4      | Killed a steam dragon
  5255 | D:5      | Entered Level 5 of the Dungeon
  5273 | D:5      | Learned a level 2 spell: Static Discharge
  5277 | D:5      | Learned a level 3 spell: Swiftness
  5282 | D:5      | Learned a level 4 spell: Airstrike
  5301 | D:5      | Reached XP level 8. HP: 66/66 MP: 4/14
  5381 | D:5      | Reached skill level 1 in Long Blades
  5590 | D:5      | Found Ponahewu's Vocational Training.
  5721 | D:5      | Found a shimmering blue altar of Sif Muna.
  5810 | D:5      | Reached skill level 5 in Air Magic
  5822 | D:5      | Slain by a yak

Illustrated notes

Levels and vault maps discovered:
D:1:      dpeg_arrival_chambers_temple_mockup, layout_rooms, serial_shops,
          nicolae_shop_behind_doors
D:2:      layout_basic, shapermc_ecumenical_altar_gd, basic_altar, uniq_sigmund,
          uniq_jessica
D:3:      layout_basic, nrook_mini_vaults, palyth_stone_intersect, uniq_grinder
D:4:      layout_loops_ring, chequers_ossuary_entry_cave, minmay_circle_x
D:5:      layout_basic, led_sif_book, nicolae_shop_vocational

Skill      XL: |  1  2  3  4  5  6  7  8 |
---------------+-------------------------+-----
Dodging        | 2 3 4 |  4.2
Fighting       | 1 2 3 4 |  4.4
Axes           | 1 2 3 |  3.3
Conjurations   | 2 3 4 |  4.1
Spellcasting   | 3 4 |  4.4
Air Magic      | 4 5 |  5.1
Long Blades    | 2 |  2.0
Stealth        | |  1.7

Action                     |  1- 3 |  4- 6 |  7- 9 || total
---------------------------+-------+-------+-------++-------
  Melee: Unarmed           |    10 |       |       ||    10
         Hand axe          |    16 |    60 |    43 ||   119
         Tailslap          |     3 |     6 |     8 ||    17
         Punch             |     1 |     2 |       ||     3
         Long sword        |       |       |    17 ||    17
  Throw: Throwing net      |       |     1 |       ||     1
   Cast: Shock             |    57 |    94 |    99 ||   250
         Airstrike         |       |       |     2 ||     2
         Swiftness         |       |       |     1 ||     1
Ability: Breathe Acid      |       |       |     1 ||     1
    Use: Scroll            |       |     8 |     4 ||    12
         Potion            |       |     1 |       ||     1
 Armour: Skin              |     6 |    12 |    16 ||    34
  Dodge: Dodged            |    17 |    46 |    69 ||   132

Table legend: (Time is in decaauts)
 A = Elapsed time spent in this place.
 B = Non-inter-level travel time spent in this place.
 C = Inter-level travel time spent in this place.
 D = Time resting spent in this place.
 E = Time spent auto-exploring this place.
 F = Levels seen in this place.
 G = Mean time per level.
                   A        B        C        D        E       F      G
               +--------+--------+--------+--------+--------+-----+--------+
         Total |   5845 |   5576 |    269 |    179 |   4544 |   6 |  974.2 |
       Dungeon |   5417 |   5148 |    269 |    179 |   4196 |   5 | 1083.4 |
       Ossuary |    428 |    428 |      0 |      0 |    348 |   1 |  428.0 |
               +--------+--------+--------+--------+--------+-----+--------+

Top non-repeatable levels by time:
     D:2: 1376 daAuts
     D:3: 1360 daAuts
     D:4: 1245 daAuts
     D:1: 865 daAuts
     D:5: 570 daAuts
 Ossuary: 428 daAuts
